 Dungeon Crawl Stone Soup version 0.30.1-11-g7821555f0a (webtiles) character file.

Game seed: 3761979955765635342

6841 monsoonserge the Grappler (level 10, -4/102 HPs)
             Began as a Troll Fighter on Nov 15, 2023.
             Was a Believer of Wu Jian.
             Slain by Harold
             ... wielding a +1 dire flail of protection
              (18 damage)
             ... on level 9 of the Dungeon.
             The game lasted 00:20:04 (6737 turns).

monsoonserge the Grappler (Troll Fighter)           Turns: 6737, Time: 00:20:05

Health: -4/102     AC:  8    Str: 26    XL:     10   Next: 77%
Magic:  9/9        EV: 14    Int:  8    God:    Wu Jian [**....]
Gold:   593        SH:  9    Dex:  9    Spells: 9/9 levels left

rFire   . .          .
                       - Unarmed
rCold   . . .        b - +0 kite shield
rNeg    . . .        L - +0 steam dragon scales
rPois   +            (helmet restricted)
rElec   .            R - +0 cloak
rCorr   .            (gloves unavailable)
SInv    .            (boots unavailable)
Will    .....        H - amulet of faith
Stlth   +            z - ring of poison resistance
HPRegen 1.17/turn    q - +5 ring of evasion
MPRegen 0.11/turn

%: faith
@: marked
A: large, unfitting armour, claws 3, regeneration 1, shaggy fur 1, tough skin 1
a: Renounce Religion, Wall Jump


You were on level 9 of the Dungeon.
You worshipped Wu Jian.
Wu Jian was pleased with you.
You visited 2 branches of the dungeon, and saw 10 of its levels.
You also visited: Bailey.

You collected 612 gold pieces.
You spent 19 gold pieces at shops.

Inventory:

Hand Weapons
 J - a +0 sling
Missiles
 v - 15 poisoned darts (quivered)
 D - 2 throwing nets
 E - 5 boomerangs
 M - a curare-tipped dart
 N - 2 atropa-tipped darts
 O - 4 silver boomerangs
 P - 4 silver javelins
Armour
 b - a +0 kite shield (worn)
 L - +0 steam dragon scales (worn)
 R - a +0 cloak (worn)
Jewellery
 h - a ring of wizardry
 q - a +5 ring of evasion (right claw)
 r - a ring of magical power
 z - a ring of poison resistance (left claw)
 G - a ring of flight
 H - an amulet of faith (around neck)
 S - a ring of protection from fire
 T - an amulet of regeneration
Wands
 y - a wand of charming (4)
Scrolls
 c - 2 scrolls of magic mapping
 d - 2 scrolls of brand weapon
 i - a scroll of amnesia
 k - 7 scrolls of fog
 l - 2 scrolls of noise {unknown}
 m - 3 scrolls of teleportation {unknown}
 s - 2 scrolls of blinking {unknown}
 t - 3 scrolls of fear {unknown}
 w - a scroll of enchant weapon {unknown}
 x - 2 scrolls of poison {unknown}
 A - a scroll of silence {unknown}
 B - 3 scrolls of enchant armour {unknown}
 I - a scroll of summoning {unknown}
 K - a scroll of vulnerability {unknown}
 Q - a scroll of torment {unknown}
Potions
 a - a potion of resistance {unknown}
 e - 2 potions of lignification
 f - 4 potions of heal wounds
 g - a potion of cancellation
 j - 3 potions of mutation {unknown}
 n - 5 potions of curing
 o - 3 potions of attraction
 p - 2 potions of berserk rage
 u - 4 potions of might
 C - a potion of haste
 F - 5 potions of brilliance {unknown}
 U - a potion of magic {unknown}


   Skills:
 + Level 7.2 Fighting
 - Level 1.0 Throwing
 + Level 4.0 Dodging
 + Level 7.9 Shields
 * Level 11.5 Unarmed Combat


You had 9 spell levels left.
You didn't know any spells.
Your spell library contained the following spells:

 Spells                   Type           Power      Damage    Failure   Level
 Gell's Gravitas          Tloc           0%         N/A       93%         3
 Teleport Other           Tloc           0%         N/A       93%         3
 Passage of Golubria      Tloc           0%         N/A       100%        4
 Silence                  Hex/Air        0%         N/A       100%        5
 Dispersal                Tloc           0%         N/A       100%        6
 Lehudib's Crystal Spear  Conj/Erth      0%         10d2      100%        8


Dungeon Overview and Level Annotations

Branches:
Dungeon (9/15)             Temple (1/1) D:6          Bailey (visited)
   Lair: D:8-11         Orc: D:9-12

Altars:
Cheibriados
Dithmenos
Elyvilon
Gozag
Hepliaklqana
Kikubaaqudgha
Makhleb
Nemelex Xobeh
Okawaru
Qazlal
Sif Muna
Trog
Uskayaw
Vehumet
Wu Jian
Xom
Yredelemnul
Zin
The Shining One

Shops:
D:7 :   D:8 (

Annotations:
D:8 1 runed translucent door, exclusion: 4 orange crystal statues
D:9 Harold


Innate Abilities, Weirdness & Mutations

You are too large for most types of armour.
You have claws for hands.
Your natural rate of healing is unusually fast.
You are covered in fur. (AC +1)
You have tough skin. (AC +1)


Message History

You mangle Harold!!
Harold is heavily wounded.
Harold hits you with a +1 dire flail of protection!!
You claw Harold!
Harold is severely wounded.
Harold closely misses you.
Harold hits you with a +1 dire flail of protection!!
You scratch Harold but do no damage.
Harold is severely wounded.
Harold hits you with a +1 dire flail of protection!
* * * LOW HITPOINT WARNING * * *
Unknown command.
You scratch Harold but do no damage.
Harold is severely wounded.
Harold hits you with a +1 dire flail of protection!
* * * LOW HITPOINT WARNING * * *
Unknown command.
Press: ? - help, v - describe, . - travel
Here: Harold, wielding a +1 dire flail of protection, wearing a +0 scale mail and quivering 2 throwing nets (severely wounded, fast)
The floor, spattered with blood.
You barely miss Harold.
Harold is severely wounded.
Harold gestures at you while chanting. The mark upon you grows brighter.
Harold hits you with a +1 dire flail of protection!
* * * LOW HITPOINT WARNING * * *
Unknown command.
Okay, then.
You completely miss Harold.
Harold is severely wounded.
You block Harold's attack.
You barely miss Harold.
Harold is severely wounded.
You block Harold's attack.
You mangle Harold!!
Harold is almost dead.
Harold points at you and mumbles some strange words.
The mark upon you grows brighter.
Harold hits you with a +1 dire flail of protection!!
You die... .>... .... . #.#.
P..P #.. .... #.. ... .. #.# #. .... #@# .. #P ....#####@# PP.P

#P ......##.# ....P#+##.
#....##.# ...PP...P.
#.....[.#####.....P.....
#......................P
#..............#..PPP...
#.............. #......
#....##+####### ##....†
#....##.##### #...).


You could see Harold (fast).

Vanquished Creatures
  2 two-headed ogres
  An ugly thing (D:9)
  A komodo dragon (D:9)
  A hornet (D:8)
  Sigmund (D:2)
  6 spriggans (Bailey)
  A yak (D:9)
  A steam dragon (D:8)
  An acid dragon (Bailey)
  A water moccasin (D:6)
  4 orc warriors
  A black bear (D:9)
  A hornet zombie (D:6)
  3 sky beasts
  3 ogres (Bailey)
  4 centaurs
  3 phantoms
  2 kobold brigands
  Blork the orc (D:5)
  3 bullfrogs
  4 scorpions
  4 killer bees (D:9)
  2 howler monkeys
  3 hounds
  A gnoll bouda (Temple)
  6 orc priests
  A centaur skeleton (D:6)
  A bullfrog skeleton (D:6)
  An iguana (D:5)
  A sleepcap (D:4)
  5 orc wizards
  Ijyb (D:3)
  4 gnolls (Temple)
  10 adders
  A white imp (D:8)
  An ufetubus (D:6)
  A worm (D:3)
  A dart slug (D:3)
  26 orcs
  9 ball pythons
  5 endoplasms
  5 giant cockroaches
  10 goblins
  9 hobgoblins
  2 jackals
  3 quokkas
  2 bats (D:1)
  3 frilled lizards
  9 kobolds
  7 rats
179 creatures vanquished.

Vanquished Creatures (others)
  2 kobolds (D:8)
2 creatures vanquished.

Grand Total: 181 creatures vanquished

Notes
Turn   | Place    | Note
-------+----------+-------------------------------------------
     0 | D:1      | monsoonserge the Troll Fighter began the quest for the Orb.
     0 | D:1      | Reached XP level 1. HP: 22/22 MP: 0/0
    59 | D:1      | Found a faded altar of an unknown god.
   155 | D:1      | Reached XP level 2. HP: 29/29 MP: 1/1
   788 | D:2      | Reached XP level 3. HP: 34/36 MP: 2/2
   961 | D:2      | Noticed Sigmund
   974 | D:2      | Killed Sigmund
   975 | D:2      | Reached skill level 4 in Unarmed Combat
   975 | D:2      | Reached XP level 4. HP: 13/45 MP: 3/3
   975 | D:2      | Reached XP level 5. HP: 15/53 MP: 4/4
  1519 | D:3      | Reached XP level 6. HP: 59/61 MP: 5/5
  1665 | D:3      | Noticed Ijyb
  1684 | D:3      | Killed Ijyb
  2546 | D:4      | Reached skill level 5 in Unarmed Combat
  2746 | D:5      | Entered Level 5 of the Dungeon
  2778 | D:5      | Reached XP level 7. HP: 68/68 MP: 6/6
  3015 | D:5      | Reached skill level 6 in Unarmed Combat
  3110 | D:5      | Noticed Blork the orc
  3116 | D:5      | Killed Blork the orc
  3308 | D:6      | Reached XP level 8. HP: 79/79 MP: 7/7
  3365 | D:6      | Reached skill level 5 in Shields
  3443 | D:6      | Reached skill level 7 in Unarmed Combat
  3615 | D:6      | Reached skill level 5 in Fighting
  3688 | D:6      | Found a staircase to the Ecumenical Temple.
  3699 | Temple   | Entered the Ecumenical Temple
  3710 | Temple   | Became a worshipper of the Wu Jian Council
  4047 | D:6      | Reached skill level 8 in Unarmed Combat
  4495 | D:7      | Reached XP level 9. HP: 32/88 MP: 8/8
  4651 | D:7      | Found a flagged portal.
  4679 | Bailey   | Entered a bailey
  4704 | Bailey   | Reached skill level 9 in Unarmed Combat
  4784 | Bailey   | Reached * piety under Wu Jian
  4872 | Bailey   | Noticed a two-headed ogre
  4964 | Bailey   | Killed a two-headed ogre
  4965 | Bailey   | Reached skill level 10 in Unarmed Combat
  4965 | Bailey   | Reached XP level 10. HP: 84/100 MP: 9/9
  5280 | D:7      | Found Ryemonk's Book Shoppe.
  5614 | D:8      | Found Piddaasu's Weapon Shoppe.
  5758 | D:8      | Bought 2 atropa-tipped darts for 19 gold pieces
  5762 | D:8      | Found a runed translucent door.
  5767 | D:8      | Found the +10 tower shield of Ignorance {rN+ Int-4}
  5771 | D:8      | Noticed an orange crystal statue
  5785 | D:8      | Found a runed translucent door.
  5809 | D:8      | Noticed an orange crystal statue
  5809 | D:8      | Noticed an orange crystal statue
  5809 | D:8      | Noticed an orange crystal statue
  5906 | D:8      | Paralysed by a hornet for 2 turns
  5917 | D:8      | Reached skill level 1 in Throwing
  6207 | D:9      | Found a shimmering altar of Xom.
  6207 | D:9      | Found a shimmering altar of Xom.
  6209 | D:9      | Found a shimmering altar of Xom.
  6210 | D:9      | Found a shimmering altar of Xom.
  6211 | D:9      | Found a shimmering altar of Xom.
  6212 | D:9      | Found a shimmering altar of Xom.
  6226 | D:9      | Noticed a green ugly thing
  6234 | D:9      | Killed a green ugly thing
  6234 | D:9      | Reached ** piety under Wu Jian
  6235 | D:9      | Reached skill level 11 in Unarmed Combat
  6375 | D:9      | Identified the +3 leather armour of Loss {Str+3 Int+4
                  | Slay-3}
  6513 | D:9      | Noticed a two-headed ogre
  6522 | D:9      | Killed a two-headed ogre
  6720 | D:9      | Noticed Harold
  6737 | D:9      | Slain by Harold

Illustrated notes

Levels and vault maps discovered:
D:1:      psy_arrival_heroes, layout_loops_ring,
          shapermc_ecumenical_altar_pompeii
D:2:      layout_rooms, grunt_ministairs_14, uniq_sigmund
D:3:      layout_basic, uniq_ijyb
D:4:      layout_rooms
D:5:      layout_rooms, uniq_blork_the_orc
D:6:      layout_basic, minmay_temple_entry_junction, serial_undead,
          serial_undead_b, serial_undead_b, serial_undead_a, serial_undead_e
D:7:      layout_loops_ring, serial_shops, shop, enter_bailey_3,
          reono_crystal_passage
D:8:      layout_rooms, serial_shops, nicolae_shop_bloodbath_and_beyond,
          chequers_guarded_unrand_ignorance
D:9:      layout_basic, xom_redecorated, grunt_lair_entry_orc_guard_hut,
          minmay_misc_feat_encased, uniq_harold
Temple:   hc_temple_tempest_star

Skill      XL: |  1  2  3  4  5  6  7  8  9 10 |
---------------+-------------------------------+-----
Shields        | 3 4 5 7 |  7.9
Fighting       | 3 4 5 6 7 |  7.2
Dodging        | 3 4 |  4.0
Unarmed Combat | 4 5 6 8 10 11 | 11.5
Throwing       | 1 |  1.0

Action                     |  1- 3 |  4- 6 |  7- 9 | 10-12 || total
---------------------------+-------+-------+-------+-------++-------
  Melee: Unarmed           |    90 |   129 |   259 |   159 ||   637
  Throw: Dart              |       |       |     3 |       ||     3
Ability: Lunge             |       |       |    12 |    11 ||    23
         Whirlwind         |       |       |     6 |    30 ||    36
    Use: Scroll            |       |     6 |       |     2 ||     8
 Armour: Robe              |    24 |    20 |    24 |     1 ||    69
         Steam dragon scal |       |       |       |    40 ||    40
  Dodge: Dodged            |    20 |    49 |   113 |    69 ||   251
  Block: Kite shield       |    34 |    38 |    87 |    63 ||   222
